 Dungeon Crawl Stone Soup version 0.29-a0-392-g297d3b089c (webtiles) character file.

Game seed: 3611314170446022979

113 dolemite99 the Chiller (level 4, -1/32 HPs)
             Began as a Gnoll Ice Elementalist on May 9, 2022.
             Slain by a gnoll
             ... wielding a +0 halberd
              (3 damage)
             ... on level 3 of the Dungeon.
             The game lasted 00:02:52 (2535 turns).

dolemite99 the Chiller (Gnoll Ice Elementalist)     Turns: 2535, Time: 00:02:53

Health: -1/32      AC:  3    Str:  8    XL:     4   Next: 96%
Magic:  7/11       EV: 13    Int: 16    God:
Gold:   97         SH:  0    Dex: 12    Spells: 9/13 levels left

rFire   . . .      SeeInvis .   l - +0 hunting sling
rCold   + . .      Faith    .   (no shield)
rNeg    . . .      Spirit   .   a - +0 robe
rPois   .          Reflect  .   (no helmet)
rElec   .          Harm     .   (no cloak)
rCorr   .          Rampage  .   (no gloves)
Will    +....                   A - +0 pair of boots
Stlth   +++.......              (no amulet)
HPRegen 0.10/turn               e - ring of protection from cold
MPRegen 0.12/turn               f - ring of willpower

@: no status effects
A: fangs 1, strong nose, distributed training
a: no special abilities


You were on level 3 of the Dungeon.
You visited 1 branch of the dungeon, and saw 3 of its levels.

You collected 97 gold pieces.

Inventory:

Hand Weapons
 d - a +0 whip
 l - a +0 hunting sling (weapon)
 t - a +0 quarterstaff
 E - a +0 dagger
Missiles
 u - 2 poisoned darts
 v - 2 atropa-tipped darts
 B - 77 stones
Armour
 a - a +0 robe (worn)
 m - a +0 cloak
 n - a scarf of repulsion
 A - a +0 pair of boots (worn)
Jewellery
 e - a ring of protection from cold (left hand)
 f - a ring of willpower (right hand)
 r - a ring of fire
 z - a ring of willpower
Scrolls
 j - a scroll of fog
 o - a scroll of poison {unknown}
 q - a scroll of immolation {unknown}
 s - a scroll of enchant weapon {unknown}
 x - a scroll of blinking {unknown}
 y - a scroll of noise {unknown}
 C - a scroll of identify {@r1}
Potions
 b - a potion of magic
 c - a potion of mutation {unknown}
 g - a potion of brilliance {unknown}
 h - a potion of flight {unknown}
 i - 3 potions of curing
 k - 2 potions of berserk rage
 p - a potion of attraction
 w - a potion of cancellation
 D - a potion of heal wounds {unknown}


   Skills:
 + Level 1.3 Fighting
 + Level 1.3 Short Blades
 + Level 1.3 Long Blades
 + Level 1.3 Axes
 + Level 1.3 Maces & Flails
 + Level 1.3 Polearms
 + Level 1.3 Staves
 + Level 1.3 Slings
 + Level 1.3 Bows
 + Level 1.3 Crossbows
 + Level 1.3 Throwing
 + Level 1.3 Armour
 + Level 4.7 Dodging
 + Level 4.3 Stealth
 + Level 1.3 Shields
 + Level 1.3 Unarmed Combat
 + Level 5.1 Spellcasting
 + Level 1.0 Conjurations
 + Level 1.0 Hexes
 + Level 1.0 Summonings
 + Level 1.0 Necromancy
 + Level 1.0 Translocations
 + Level 1.0 Transmutations
 + Level 1.0 Fire Magic
 + Level 7.1 Ice Magic
 + Level 1.0 Air Magic
 + Level 1.0 Earth Magic
 + Level 1.0 Poison Magic
 + Level 1.4 Invocations
 + Level 1.3 Evocations


You had 9 spell levels left.
You knew the following spells:

 Your Spells              Type           Power      Damage    Failure   Level
a - Freeze                Ice            100%       1d11      1%          1
b - Frozen Ramparts       Ice            54%        1d7       2%          3

Your spell library contained the following spells:

 Spells                   Type           Power      Damage    Failure   Level
 Ozocubu's Armour         Ice            27%        N/A       2%          3
 Hailstorm                Conj/Ice       17%        3d6       26%         4
 Metabolic Englaciation   Hex/Ice        8%         N/A       58%         5
 Petrify                  Tmut/Erth      7%         N/A       67%         4
 Statue Form              Tmut/Erth      4%         N/A       100%        6


Dungeon Overview and Level Annotations

Branches:
Dungeon (3/15)

Altars:
Makhleb


Innate Abilities, Weirdness & Mutations

You have very sharp teeth.
Your uncanny sense of smell can sniff out nearby items.
Your experience applies equally to all skills.


Message History

Really attack while wielding your +0 hunting sling?
Okay, then.
Casting: Freeze (safe; 1% risk of failure)
Confirm with . or Enter, or press ? or * to list all spells.
Aiming: Freeze (safe; 1% risk of failure)
Press: ? - help, Shift-Dir - straight line, f/p - gnoll
Aim: a gnoll, wielding a +0 flail You freeze the gnoll!
The gnoll is severely wounded.
The gnoll barely misses you.
Casting: Freeze (safe; 1% risk of failure)
Confirm with . or Enter, or press ? or * to list all spells.
Aiming: Freeze (safe; 1% risk of failure)
Press: ? - help, Shift-Dir - straight line, f/p - gnoll
Aim: a gnoll, wielding a +0 flail (severely wounded)
You freeze the gnoll!
You kill the gnoll!
Casting: Freeze (safe; 1% risk of failure)
Confirm with . or Enter, or press ? or * to list all spells.
Aiming: Freeze (safe; 1% risk of failure)
Press: ? - help, Shift-Dir - straight line, f - gnoll
Aim: a gnoll, wielding a +0 flail You freeze the gnoll!
The gnoll is severely wounded.
The gnoll hits you with a +0 flail!
You shoot a sling bullet. The sling bullet hits the gnoll.
The gnoll is almost dead.
The gnoll hits you from afar with a +0 halberd.
The gnoll hits you with a +0 flail. The gnoll barely misses you.
The gnoll hits you from afar with a +0 halberd!
* * * LOW HITPOINT WARNING * * *
Casting: Freeze (safe; 1% risk of failure)
Confirm with . or Enter, or press ? or * to list all spells.
Aiming: Freeze (safe; 1% risk of failure)
Press: ? - help, Shift-Dir - straight line, f/p - gnoll
Aim: a gnoll, wielding a +0 flail (almost dead)
You freeze the gnoll!
You kill the gnoll!
The gnoll hits you from afar with a +0 halberd.
You die...

.# ### .# .. .# ### ###.# .# #..
∆... .# #.# #.# .# #.####g# #####
.# #.##.g.# ##.... .#
#####.##.### ##..... .###
#####....@##.# #....<. ...#
##.....#...)g.# #...... ##.#
#.......)###### #...... #.#
#........###..# #......
##.####............# #......
#....#............##########.....
.....#.#.#####...................
.......#.....####..########......
.......#..#.....##...######......


You could see a gnoll.

Vanquished Creatures
  An iguana (D:3)
  4 gnolls
  2 dart slugs (D:1)
  2 ball pythons
  2 bats
  9 endoplasms
  6 giant cockroaches
  4 goblins
  4 hobgoblins
  7 jackals
  A quokka (D:2)
  2 frilled lizards
  2 kobolds
  4 rats
50 creatures vanquished.

Notes
Turn   | Place    | Note
-------+----------+-------------------------------------------
     0 | D:1      | dolemite99 the Gnoll Ice Elementalist began the quest for
                  | the Orb.
     0 | D:1      | Reached XP level 1. HP: 13/13 MP: 6/6
    14 | D:1      | Reached XP level 2. HP: 20/20 MP: 4/7
   577 | D:1      | Reached XP level 3. HP: 25/25 MP: 9/9
   584 | D:1      | Reached skill level 5 in Spellcasting
   860 | D:2      | Reached skill level 1 in Invocations
  1066 | D:2      | Found a faded altar of an unknown god.
  1315 | D:2      | Reached skill level 1 in Fighting
  1315 | D:2      | Reached skill level 1 in Short Blades
  1315 | D:2      | Reached skill level 1 in Long Blades
  1315 | D:2      | Reached skill level 1 in Axes
  1315 | D:2      | Reached skill level 1 in Maces & Flails
  1315 | D:2      | Reached skill level 1 in Polearms
  1315 | D:2      | Reached skill level 1 in Staves
  1315 | D:2      | Reached skill level 1 in Slings
  1315 | D:2      | Reached skill level 1 in Bows
  1315 | D:2      | Reached skill level 1 in Crossbows
  1315 | D:2      | Reached skill level 1 in Throwing
  1315 | D:2      | Reached skill level 1 in Armour
  1315 | D:2      | Reached skill level 1 in Shields
  1315 | D:2      | Reached skill level 1 in Unarmed Combat
  1315 | D:2      | Reached skill level 1 in Evocations
  1615 | D:2      | Reached XP level 4. HP: 27/32 MP: 8/11
  1790 | D:3      | Learned a level 3 spell: Frozen Ramparts
  1857 | D:3      | Learned a level 1 spell: Freeze
  1898 | D:3      | Found a burning altar of Makhleb.
  1900 | D:3      | Noticed a cacodemon
  2130 | D:3      | Reached skill level 1 in Conjurations
  2130 | D:3      | Reached skill level 1 in Hexes
  2130 | D:3      | Reached skill level 1 in Summonings
  2130 | D:3      | Reached skill level 1 in Necromancy
  2130 | D:3      | Reached skill level 1 in Translocations
  2130 | D:3      | Reached skill level 1 in Transmutations
  2130 | D:3      | Reached skill level 1 in Fire Magic
  2130 | D:3      | Reached skill level 1 in Air Magic
  2130 | D:3      | Reached skill level 1 in Earth Magic
  2130 | D:3      | Reached skill level 1 in Poison Magic
  2535 | D:3      | Slain by a gnoll

Illustrated notes

Levels and vault maps discovered:
D:1:      shiori_arrival_oz, layout_rooms, minmay_tree_intersection
D:2:      layout_loops_ring, shapermc_ecumenical_altar_ellora,
          roderic_roman_lattice, minmay_quantized
D:3:      minmay_evil_eye, layout_rooms, makhleb_altar_promises_db

Skill      XL: |  1  2  3  4 |
---------------+-------------+-----
Spellcasting   | 5 |  5.1
Invocations    | 1 |  1.4
Fighting       | 1 |  1.3
Short Blades   | 1 |  1.3
Long Blades    | 1 |  1.3
Axes           | 1 |  1.3
Maces & Flails | 1 |  1.3
Polearms       | 1 |  1.3
Staves         | 1 |  1.3
Slings         | 1 |  1.3
Bows           | 1 |  1.3
Crossbows      | 1 |  1.3
Throwing       | 1 |  1.3
Armour         | 1 |  1.3
Shields        | 1 |  1.3
Unarmed Combat | 1 |  1.3
Evocations     | 1 |  1.3
Conjurations   | 1 |  1.0
Hexes          | 1 |  1.0
Summonings     | 1 |  1.0
Necromancy     | 1 |  1.0
Translocations | 1 |  1.0
Transmutations | 1 |  1.0
Fire Magic     | 1 |  1.0
Air Magic      | 1 |  1.0
Earth Magic    | 1 |  1.0
Poison Magic   | 1 |  1.0
Dodging        | |  4.7
Stealth        | |  4.3
Ice Magic      | |  7.1

Action                   |  1- 3 |  4- 6 || total
-------------------------+-------+-------++-------
Melee: Dagger            |     3 |       ||     3
       Bite              |     1 |       ||     1
 Fire: Hunting sling     |    48 |    28 ||    76
 Cast: Freeze            |    23 |    14 ||    37
  Use: Scroll            |     2 |     4 ||     6
Armor: Robe              |     6 |     3 ||     9
Dodge: Dodged            |    27 |    16 ||    43

Table legend: (Time is in decaauts)
 A = Elapsed time spent in this place.
 B = Non-inter-level travel time spent in this place.
 C = Inter-level travel time spent in this place.
 D = Time resting spent in this place.
 E = Time spent auto-exploring this place.
 F = Levels seen in this place.
 G = Mean time per level.
                   A        B        C        D        E       F      G
               +--------+--------+--------+--------+--------+-----+--------+
         Total |   2567 |   2496 |     71 |    730 |   1271 |   3 |  855.7 |
       Dungeon |   2567 |   2496 |     71 |    730 |   1271 |   3 |  855.7 |
               +--------+--------+--------+--------+--------+-----+--------+

Top non-repeatable levels by time:
     D:2: 950 daAuts
     D:1: 851 daAuts
     D:3: 765 daAuts
